 Dungeon Crawl Stone Soup version 0.30.1 (webtiles) character file.

Game seed: 9172201441807124552

154 Graphine the Poker (level 5, -1/41 HPs)
             Began as a Merfolk Gladiator on July 6, 2023.
             Slain by a wraith (6 damage)
             ... in an ossuary.
             The game lasted 00:04:48 (2111 turns).

Graphine the Poker (Merfolk Gladiator)              Turns: 2111, Time: 00:04:48

Health: -1/41      AC:  5    Str: 16    XL:     5   Next: 36%
Magic:  5/5        EV: 12    Int:  8    God:
Gold:   129        SH:  8    Dex: 15    Spells: 4/4 levels left

rFire   + . .        a - +0 trident (freeze)
rCold   + . .        h - +0 kite shield
rNeg    . . .        b - +0 leather armour
rPois   +            c - +0 helmet
rElec   +            (no cloak)
rCorr   +            i - +0 pair of gloves
SInv    +            (no boots)
Will    .....        (no amulet)
Stlth   +            f - ring of see invisible
HPRegen 0.26/turn    (no ring)
MPRegen 0.09/turn

%: no passive effects
@: resistant, hasted and slowed
A: (nimble swimmer 2), mertail
a: no special abilities


You were in an ossuary.
You visited 1 branch of the dungeon, and saw 4 of its levels.
You also visited: Ossuary.

You collected 129 gold pieces.

Inventory:

Hand Weapons
 a - a +0 trident of freezing (weapon)
 o - a +0 spear of venom
 t - the +6 mace of Entrepreneurial Spirit {heavy, rN+ Will+ Dex+2}
   (You found it on level 3 of the Dungeon)

   Dex:       It affects your dexterity (+2).
   rN:        It protects you from negative energy.
   Will:      It increases your willpower.
 u - the +1 spear of Generosity {flame, Fragile rF+ Int+2}
   (You found it on level 3 of the Dungeon)

   Int:       It affects your intelligence (+2).
   rF:        It protects you from fire.
   Fragile:   It will be destroyed if unequipped.
Missiles
 d - 3 throwing nets
 e - a javelin
 n - 4 boomerangs (quivered)
Armour
 b - a +0 leather armour (worn)
 c - a +0 helmet (worn)
 h - a +0 kite shield (worn)
 i - a +0 pair of gloves (worn)
Jewellery
 f - a ring of see invisible (left hand)
 p - a ring of magical power
 v - a ring of ice
Wands
 m - a wand of roots (13)
Potions
 g - a potion of curing {unknown}
 j - a potion of haste
 k - a potion of mutation {unknown}
 l - a potion of brilliance {unknown}
 r - a potion of resistance
 s - a potion of attraction {unknown}
 w - a potion of flight {unknown}


   Skills:
 + Level 3.0 Fighting
 * Level 5.3 Polearms
 + Level 2.7 Throwing
 * Level 5.3 Dodging
 + Level 1.4 Shields


You had 4 spell levels left.
You didn't know any spells.
Your spell library was empty.

Dungeon Overview and Level Annotations

Branches:
Dungeon (4/15)            Ossuary (1/1)
 Temple: D:4-7

Altars:
Sif Muna


Innate Abilities, Weirdness & Mutations

((You are very nimble when in or above water. (Stealth+, EV+, Speed+++)))
Your lower body shifts to a powerful aquatic tail in water.


Message History

It was a potion of resistance.
You feel protected. You block the wraith's attack.
It was a potion of haste.
You feel yourself speed up. The wraith barely misses you.
You block the wraith's attack.
Reach: a) +0 trident (freeze)
Press: ? - help, Dir - move target, f/p - wraith
Aim: a wraith (grey smoke, about 40% to evade your +0 trident of freezing)
You closely miss the wraith. The wraith closely misses you.
Unknown command.
Reach: a) +0 trident (freeze)
Press: ? - help, Dir - move target, f/p - wraith
Aim: a wraith (grey smoke, about 40% to evade your +0 trident of freezing)
You puncture the wraith! You freeze the wraith.
The wraith is moderately damaged.
You feel yourself speed up. The wraith hits you.
* * * LOW HITPOINT WARNING * * *
The wraith drains your vigour!
You feel yourself slow down.
Reach: a) +0 trident (freeze)
Press: ? - help, Dir - move target, f/p - wraith
Aim: a wraith (grey smoke, moderately damaged, about 40% to evade your +0 trident of freezing)
You hit the wraith but do no damage.
The wraith is moderately damaged.
The wraith barely misses you.
Reach: a) +0 trident (freeze)
Press: ? - help, Dir - move target, f/p - wraith
Aim: a wraith (moderately damaged, about 40% to evade your +0 trident of freezing)
You closely miss the wraith.
The wraith is moderately damaged.
The wraith hits you but does no damage.
Reach: a) +0 trident (freeze)
Press: ? - help, Dir - move target, f/p - wraith
Aim: a wraith (moderately damaged, about 40% to evade your +0 trident of freezing)
You hit the wraith. You freeze the wraith.
The wraith is heavily damaged.
The wraith hits you!
* * * LOW HITPOINT WARNING * * *
The wraith hits you.
You die...

## .. ..##
..##### ..##
.##...##§§§## .
##.??..##§§§# ..
#...?.?.W..§+
...##.???.##@§§#
#...##...##§§§##
#...#####§§§## .
#.........##...
..#####'#####....
.................
.................
######'''########
#...####


You could see a wraith.

Vanquished Creatures
  An iguana (D:2)
  A mummy (Ossuary)
  4 gnolls (D:3)
  An adder (D:3)
  A worm (D:2)
  3 dart slugs
  2 endoplasms (D:2)
  2 giant cockroaches
  2 goblins
  4 hobgoblins (D:2)
  7 jackals
  7 kobolds
  3 quokkas
  3 ball pythons
  5 bats
  3 frilled lizards
  3 gnoll skeletons (Ossuary)
  A hobgoblin zombie (D:4)
  A jackal zombie (D:4)
  A kobold skeleton (Ossuary)
  5 orc skeletons (Ossuary)
  7 rats
67 creatures vanquished.

Notes
Turn   | Place    | Note
-------+----------+-------------------------------------------
     0 | D:1      | Graphine the Merfolk Gladiator began the quest for the Orb.
     0 | D:1      | Reached XP level 1. HP: 16/16 MP: 1/1
   161 | D:1      | Reached XP level 2. HP: 22/23 MP: 2/2
   467 | D:2      | Reached XP level 3. HP: 28/28 MP: 3/3
   636 | D:2      | Reached XP level 4. HP: 34/34 MP: 4/4
   780 | D:2      | Reached skill level 1 in Shields
  1056 | D:3      | Reached skill level 5 in Polearms
  1107 | D:3      | Reached skill level 5 in Dodging
  1112 | D:3      | Reached XP level 5. HP: 30/40 MP: 5/5
  1270 | D:3      | Identified the +6 mace of Entrepreneurial Spirit {heavy,
                  | rN+ Will+ Dex+2}
  1374 | D:3      | Identified the +1 spear of Generosity {flame, Fragile rF+
                  | Int+2}
  1642 | D:3      | Found a faded altar of an unknown god.
  1959 | D:4      | Found a sand-covered staircase.
  1969 | D:4      | Found a shimmering blue altar of Sif Muna.
  1969 | D:4      | Identified the +1 whip of Karma {flame, Dex+3}
  1972 | Ossuary  | Entered an ossuary
  1972 | Ossuary  | Noticed a wraith
  1972 | Ossuary  | Noticed a wraith
  1972 | Ossuary  | Noticed a wraith
  2092 | Ossuary  | Noticed a wraith
  2111 | Ossuary  | Slain by a wraith

Illustrated notes

Levels and vault maps discovered:
D:1:      sevenhm_arrival_forest_fort_small_3, layout_rooms
D:2:      layout_rooms, chequers_serial_rivers_micro_b, serial_park_tiny_pond,
          supply_closet_lemuel, grunt_ministairs_3
D:3:      layout_rooms, shapermc_ecumenical_altar_flowoftime
D:4:      layout_basic, nicolae_ru_the_path_less_chosen,
          makhleb_blood_cavern_becter, mainiacjoe_overflow_brackets,
          mainiacjoe_overflow_alcove_1, minmay_temple_entry_nine_rooms,
          enter_ossuary_3, uniq_eustachio, uniq_ijyb
Ossuary:  ossuary_due_mausoleum

Skill      XL: |  1  2  3  4  5 |
---------------+----------------+-----
Shields        | 1 |  1.4
Polearms       | 5 |  5.3
Dodging        | 5 |  5.3
Fighting       | 3 |  3.0
Throwing       | |  2.7

Action                     |  1- 3 |  4- 6 || total
---------------------------+-------+-------++-------
  Melee: Trident           |    92 |    95 ||   187
  Throw: Boomerang         |       |    30 ||    30
  Evoke: Wand              |       |     2 ||     2
    Use: Scroll            |     1 |     3 ||     4
         Potion            |       |     2 ||     2
   Stab: Sleeping          |     1 |     1 ||     2
 Armour: Leather armour    |    24 |    21 ||    45
  Dodge: Dodged            |    47 |    52 ||    99
  Block: Kite shield       |    35 |    28 ||    63
